Map: Cañón arenoso

Players

MrFercho - Winner!

  • Race: Terran Terran
  • Spawn Location: 9:00

tigro - Winner!

  • Race: Terran Terran
  • Spawn Location: 11:00

IA (Difícil)

  • Race: Terran Terran
  • Spawn Location: 3:00

IA (Difícil)

  • Race: Terran Terran
  • Spawn Location: 3:00

IA (Difícil)

  • Race: Terran Terran
  • Spawn Location: 9:00

IA (Difícil)

  • Race: Terran Terran
  • Spawn Location: 7:00

IA (Difícil)

  • Race: Terran Terran
  • Spawn Location: 1:00

IA (Difícil)

  • Race: Terran Terran
  • Spawn Location: 5:00

VOD

Have the link to the VOD?

Description

Time

  • Played on: March 25, 2020, 10:45 p.m.
  • Length: 38:37
Show
View Real Time Build Order
Export as new Build Order

MrFercho Terran - Winner!

Build Orders:  

Get SALT Encoding   

  12  0:16  SCV  
  13  0:26  Supply Depot  
  13  0:29  Refinery  
  13  0:35  SCV  
  14  0:47  SCV  
  15  0:54  Engineering Bay  
  15  0:59  SCV  
  17  1:11  SCV  
  17  1:20  Refinery  
  17  1:23  SCV  
  18  1:29  Barracks  
  18  1:35  SCV  
  19  1:47  SCV  
  19  1:53  Engineering Bay  
  20  1:59  SCV  
  21  2:02  Supply Depot  
  21  2:11  SCV  
  22  2:26  Supply Depot  
  22  2:30  Orbital Command, Factory  
  22  2:35  Barracks Reactor  
  21  2:59  Barracks  
  21  3:14  Terran Infantry Weapons Level 1  
  21  3:16  Terran Infantry Armor Level 1  
  21  3:19  Factory Tech Lab  
  21  3:28  Armory  
  21  3:30  SCV  
  22  4:04  Barracks Tech Lab  
  22  4:07  Marine x2  
  24  4:15  Siege Tank  
  27  4:17  Armory  
  27  4:32  Factory  
  27  4:34  Combat Shield  
  25  5:20  Marine x3  
  25  5:27  Thor  
  31  5:29  Hellion  
  33  5:38  Marine x3  
  35  5:51  Hellion  
  35  5:55  Marine  
  35  5:56  Marine x2  
  35  6:10  Siege Tank  
  36  6:13  Marine x2  
  38  6:26  Factory Tech Lab  
  38  7:09  Starport  
  38  7:16  SCV  
  39  7:28  SCV  
  40  7:40  SCV  
  41  7:46  Starport  
  41  7:51  Refinery  
  41  7:52  SCV  
  41  7:55  Command Center  
  41  7:56  Refinery  
  42  8:04  SCV  
  41  8:25  Starport  
  38  8:42  Starport Tech Lab x2  
  38  8:45  Terran Infantry Armor Level 2  
  38  8:51  Terran Vehicle And Ship Armor Level 1  
  38  9:30  Marauder  
  41  9:35  Viking  
  25  10:46  Starport Tech Lab  
  17  11:17  SCV  
  18  11:30  SCV  
  19  11:42  SCV  
  20  12:14  Supply Depot  
  20  12:16  Supply Depot  
  20  12:18  Supply Depot x2  
  20  12:20  Supply Depot x3  
  20  12:32  Terran Infantry Weapons Level 2  
  20  12:36  SCV, Terran Ship Weapons Level 1  
  21  12:37  Terran Vehicle Weapons Level 1  
  21  12:39  Supply Depot  
  21  12:40  Supply Depot  
  21  12:43  Supply Depot  
  21  12:44  Supply Depot x2  
  21  12:45  Supply Depot  
  21  12:46  Supply Depot  
  21  13:03  Supply Depot  
  21  13:15  Barracks  
  21  13:17  Planetary Fortress, Barracks  
  21  13:18  Barracks  
  21  14:19  Factory  
  21  14:22  Factory  
  21  14:24  Factory  
  21  14:30  Terran Vehicle And Ship Armor Level 2  
  21  14:43  Refinery  
  21  14:45  Refinery, Command Center  
  21  14:48  Barracks Tech Lab x2  
  21  14:49  Barracks Tech Lab  
  21  15:08  Marauder  
  21  15:09  Marauder, Marine  
  26  15:19  SCV  
  27  15:26  Marine  
  28  15:29  Marine x2  
  30  15:44  Marine  
  30  15:46  Factory Tech Lab x3  
  30  15:47  Marine x2  
  33  16:03  Marauder  
  35  16:05  Orbital Command  
  35  16:18  SCV  
  35  16:30  SCV  
  36  16:33  Thor  
  42  16:41  Siege Tank  
  42  16:42  SCV  
  46  16:54  SCV  
  46  16:58  Marine  
  46  16:59  Marine x2  
  50  17:06  SCV  
  51  17:10  Terran Infantry Weapons Level 3  
  51  17:16  Marine  
  52  17:42  Thor x2  
  64  17:50  SCV  
  65  18:02  SCV  
  66  18:14  SCV  
  67  18:26  SCV  
  68  18:46  Starport  
  68  18:48  Starport x2  
  68  18:58  Missile Turret  
  68  18:59  Missile Turret  
  68  19:04  SCV  
  69  19:16  SCV  
  70  19:18  Missile Turret  
  70  19:21  Missile Turret  
  70  19:27  Starport Tech Lab  
  70  19:28  SCV, Starport Tech Lab x2  
  71  19:31  Missile Turret  
  71  19:36  Missile Turret  
  71  19:46  Marauder x3  
  77  19:54  SCV  
  77  19:58  SCV  
  79  20:06  SCV  
  79  20:07  Marine x3  
  80  20:10  SCV  
  84  20:18  SCV  
  85  20:23  SCV  
  85  20:24  Marine  
  85  20:25  Cyclone, Marine x2  
  85  20:26  Thor, Siege Tank  
  101  20:30  SCV  
  101  20:35  SCV  
  103  20:42  SCV  
  104  20:47  SCV  
  102  21:46  Concussive Shells, Stimpack  
  102  21:50  Infernal Pre-Igniter  
  102  21:51  Mag-Field Accelerator  
  102  21:53  Smart Servos  
  102  21:58  Terran Infantry Armor Level 3  
  102  22:00  Terran Ship Weapons Level 2  
  102  22:01  Terran Vehicle Weapons Level 2  
  102  22:11  Banshee x2  
  102  22:12  Banshee  
  111  22:44  Command Center  
  111  22:49  Refinery  
  111  22:52  Refinery  
  111  22:54  Viking x2  
  111  22:55  Viking  
  117  23:07  Fusion Core  
  117  23:11  Marine x3  
  120  23:24  Medivac  
  122  23:29  Marine x3  
  125  23:47  Marauder, Marine x2  
  129  23:54  Fusion Core  
  129  24:05  Marauder x2  
  129  24:09  Marauder  
  135  24:16  Terran Vehicle And Ship Armor Level 3  
  135  24:35  Neosteel Armor  
  135  24:41  Fusion Core  
  135  25:53  Refinery  
  135  26:02  Thor  
  135  26:03  Thor x2  
  153  26:15  Hi-Sec Auto Tracking  
  153  26:24  Supply Depot  
  153  26:46  Supply Depot, Siege Tank x3  
  159  27:10  Supply Depot  
  156  27:33  Supply Depot  
  156  27:57  Supply Depot  
  156  27:58  Refinery  
  156  28:01  Command Center, Refinery  
  156  28:21  Supply Depot  
  156  28:44  Supply Depot  
  133  29:12  Battlecruiser x3  
  151  29:22  Marine x3  
  154  29:38  Refinery  
  154  29:40  Marine x3  
  157  29:58  Marine x3  
  160  30:16  Marine x3  
  157  30:33  Marine  
  157  30:34  Marine x2  
  157  31:02  Marine x3  
  160  31:07  Thor x3  
  178  31:19  Marine  
  178  31:20  Marauder x2  
  183  31:38  Marauder  
  185  31:42  Marauder  
Show
View Real Time Build Order
Export as new Build Order

tigro Terran - Winner!

Build Orders:  

Get SALT Encoding   

  12  0:03  SCV  
  13  0:21  Supply Depot  
  13  0:23  SCV  
  14  0:35  SCV  
  15  0:55  Barracks  
  15  0:56  Refinery  
  15  1:01  Refinery  
  15  1:09  SCV  
  16  1:21  SCV  
  17  1:25  Supply Depot  
  17  1:33  SCV  
  18  1:45  SCV  
  19  1:47  Barracks  
  19  1:48  Marine  
  20  1:57  SCV  
  21  2:06  Marine  
  22  2:10  SCV  
  22  2:11  Engineering Bay  
  23  2:24  Marine  
  24  2:35  Barracks Tech Lab  
  24  2:41  Marine  
  25  2:59  Marine  
  25  3:01  Combat Shield  
  26  3:17  Marine  
  27  3:31  Command Center  
  27  3:49  Barracks Tech Lab  
  27  3:52  Marauder  
  29  3:58  Terran Infantry Weapons Level 1  
  29  4:10  Marine  
  29  4:12  Missile Turret  
  30  4:20  Stimpack  
  30  4:22  Orbital Command  
  30  4:28  Marine  
  31  4:43  Marauder  
  29  4:50  Marine  
  25  4:59  Planetary Fortress  
  25  5:04  Marauder  
  27  5:07  Marine  
  28  5:25  Marine  
  28  5:26  Marauder  
  31  5:43  Marine  
  31  5:47  Marauder  
  34  5:52  Terran Infantry Armor Level 1  
  34  6:00  Concussive Shells  
  34  6:01  Marine  
  34  6:19  Marauder  
  34  6:21  Marine  
  37  6:31  SCV, Refinery  
  38  6:39  Marine  
  39  6:41  Marauder  
  39  6:43  SCV  
  42  6:55  SCV  
  42  6:57  Marine  
  44  7:02  Marauder  
  44  7:07  SCV  
  43  7:15  Marine  
  44  7:20  SCV  
  45  7:33  Marine  
  45  8:08  Marine  
  37  8:50  Barracks Tech Lab  
  37  8:58  Command Center  
  37  9:15  Refinery  
  37  10:09  Marine  
  26  10:27  Marine  
  21  10:31  Marine  
  22  10:40  Orbital Command  
  22  10:41  Supply Depot  
  22  10:45  Marine  
  22  10:49  Marine  
  24  11:03  Marine  
  25  11:07  Marine  
  26  11:21  Marauder  
  26  11:25  Marine  
  29  11:42  Marine  
  29  11:43  Marauder  
  32  12:00  Marine  
  32  12:04  Marauder  
  32  12:25  Marauder  
  34  12:42  Missile Turret  
  34  12:45  Factory  
  34  12:46  Marine  
  34  12:47  Marauder  
  37  13:04  Marine  
  38  13:08  Marauder  
  38  13:10  Missile Turret  
  40  13:19  SCV  
  41  13:22  Marine  
  42  13:29  Marauder  
  42  13:31  SCV  
  45  13:40  Marine  
  46  13:43  SCV  
  47  13:51  Marauder  
  49  13:56  SCV  
  49  13:57  Marine  
  49  14:00  Factory Tech Lab  
  51  14:08  SCV  
  52  14:10  Starport  
  52  14:12  Marine  
  53  14:29  Marine  
  54  14:39  Marine  
  55  14:47  Missile Turret, Marine  
  55  14:51  SCV  
  57  14:57  Marine  
  57  14:58  Armory  
  58  15:03  SCV  
  58  15:06  Marauder  
  61  15:08  Siege Tank  
  61  15:12  Infernal Pre-Igniter  
  64  15:15  SCV, Marine  
  64  15:16  Hi-Sec Auto Tracking  
  66  15:26  Medivac  
  66  15:27  Marauder  
  70  15:32  Starport  
  70  15:46  Marine  
  70  15:47  SCV  
  70  15:48  Marauder  
  74  15:56  Missile Turret  
  74  16:03  Supply Depot  
  74  16:04  Marine  
  74  16:08  Starport Tech Lab  
  75  16:12  Neosteel Armor  
  75  16:31  Mag-Field Accelerator  
  75  16:33  Factory  
  75  16:50  Missile Turret  
  74  18:31  Factory Tech Lab  
  74  18:37  Siege Tank  
  77  18:48  Terran Infantry Weapons Level 2  
  77  18:49  Fusion Core  
  77  18:51  Terran Vehicle Weapons Level 1  
  77  19:02  Supply Depot  
  77  19:08  Starport Tech Lab  
  77  19:09  Siege Tank  
  80  19:11  Medivac  
  82  19:41  Siege Tank  
  82  19:42  Missile Turret  
  85  19:49  Refinery  
  85  20:13  Siege Tank  
  88  20:17  Refinery  
  88  20:25  Missile Turret  
  88  20:29  Refinery  
  88  20:38  Refinery  
  88  20:45  Terran Vehicle And Ship Armor Level 1  
  88  21:03  Terran Infantry Armor Level 2  
  88  22:36  Battlecruiser  
  94  22:39  Terran Ship Weapons Level 1  
  94  22:46  Battlecruiser  
  100  23:22  Missile Turret  
  100  23:27  SCV  
  101  23:34  Marine  
  101  23:38  Marauder  
  101  23:39  SCV  
  105  23:52  Marine  
  106  23:59  Marauder  
  108  24:02  Supply Depot  
  108  24:10  Marine  
  109  24:24  Battlecruiser, Marauder  
  109  24:27  Marine  
  109  24:30  Supply Depot  
  118  24:34  Battlecruiser  
  124  24:40  SCV  
  125  24:45  Marine  
  125  24:52  Marauder  
  128  24:53  Drilling Claws  
  128  24:56  Weapon Refit  
  128  25:01  Terran Ship Weapons Level 2  
  128  25:13  Marauder  
  130  25:39  Battlecruiser x2  
  142  26:12  Smart Servos  
  142  26:36  Rapid Reignition System  
  142  27:33  Advanced Ballistics  
  138  29:40  Battlecruiser  
  113  34:09  Battlecruiser  
  119  34:11  Battlecruiser  
  125  35:13  Battlecruiser  
  131  35:16  Battlecruiser  
  137  37:17  Supply Depot  
Show
View Real Time Build Order
Export as new Build Order

IA (Difícil) Terran 

Build Orders:  

Get SALT Encoding   

  12  0:01  SCV  
  13  0:13  SCV  
  14  0:19  Supply Depot  
  14  0:25  SCV  
  15  0:41  SCV  
  16  0:45  Barracks  
  16  0:50  Refinery  
  16  0:53  SCV  
  17  1:05  SCV  
  18  1:17  SCV  
  19  1:22  Supply Depot  
  19  1:30  SCV  
  19  1:32  Marine  
  21  1:41  Barracks  
  21  1:42  Orbital Command  
  21  1:49  Refinery  
  21  1:51  Barracks Tech Lab  
  21  2:07  Supply Depot  
  21  2:09  Marine  
  22  2:27  Marine  
  23  2:31  Marine  
  24  2:41  Supply Depot  
  24  2:44  Marine  
  25  2:51  Marine  
  26  3:02  Marine  
  27  3:11  Marine  
  28  3:16  Supply Depot  
  28  3:18  SCV  
  29  3:21  Marine  
  30  3:30  SCV  
  30  3:31  Engineering Bay  
  30  3:32  Marine  
  32  3:42  SCV  
  32  3:43  Marauder  
  35  3:54  SCV  
  36  4:04  Marauder  
  36  4:06  SCV  
  39  4:18  SCV  
  40  4:25  Marauder  
  42  4:33  SCV  
  42  4:47  Marauder  
  44  5:08  Marauder  
  46  5:29  Marauder  
  48  6:29  Barracks Tech Lab  
  48  6:32  Stimpack  
  48  6:33  Terran Infantry Weapons Level 1, Factory  
  48  6:37  Factory  
  48  6:40  Supply Depot  
  48  6:42  Missile Turret  
  48  6:45  Missile Turret  
  48  6:46  Command Center  
  48  6:47  Combat Shield  
  48  6:51  Barracks  
  48  7:05  Supply Depot  
  48  7:08  Bunker  
  48  7:21  Starport  
  48  7:22  Factory Tech Lab x2  
  48  7:24  Marine  
  48  7:27  Starport  
  36  7:33  Marine  
  28  7:42  Marine  
  29  7:50  Marine  
  30  7:57  Starport Tech Lab  
  29  7:59  SCV  
  29  8:00  Marine  
  29  8:01  SCV  
  32  8:09  Marine  
  32  8:11  SCV  
  32  8:12  Refinery  
  34  8:14  SCV, Missile Turret  
  34  8:15  Raven  
  34  8:18  Marauder  
  38  8:22  Sensor Tower  
  38  8:23  SCV  
  38  8:24  Refinery  
  38  8:26  SCV, Armory, Marine, Starport Tech Lab  
  41  8:27  Terran Infantry Armor Level 1  
  41  8:31  Missile Turret  
  41  8:32  Barracks Reactor  
  41  8:35  SCV  
  41  8:38  SCV  
  41  8:39  Marauder  
  45  8:44  Marine  
  45  8:45  Raven  
  45  8:47  SCV  
  44  8:50  SCV  
  44  8:54  Siege Tank  
  45  9:00  SCV  
  45  9:02  SCV  
  47  9:03  Siege Tank  
  50  9:12  SCV, Marine  
  50  9:14  SCV  
  53  9:24  SCV  
  54  9:26  SCV, Raven, Cyclone  
  54  9:30  Marine  
  54  9:36  SCV  
  50  9:38  SCV  
  50  9:39  Marine  
  50  9:48  SCV, Marine  
  50  9:50  SCV  
  45  9:57  Marine  
  45  10:00  SCV  
  45  10:02  SCV  
  45  10:05  Marine  
  48  10:12  SCV  
  49  10:15  SCV, Marauder  
  49  10:23  Marine  
  49  10:24  SCV  
  49  10:26  Bunker  
  49  10:27  SCV  
  51  10:33  Marine  
  52  10:36  SCV  
  52  10:39  SCV  
  52  10:42  Marine  
  52  10:44  Raven  
  52  10:48  SCV  
  48  10:51  Marauder  
  48  10:55  Marine  
  49  11:01  Medivac  
  49  11:02  Siege Tank  
  53  11:09  Marauder  
  54  11:13  Command Center  
  54  11:15  Cyclone  
  56  11:22  Marine  
  56  11:27  Raven  
  56  11:31  Medivac, Marauder  
  62  11:36  Marine  
  59  11:43  Marine  
  58  11:49  Marine  
  57  11:57  Marine  
  57  12:01  Raven  
  59  12:05  Marine  
  60  12:10  Medivac  
  62  12:16  Marauder  
  62  12:18  Marine  
  62  12:22  Supply Depot  
  59  12:25  Marine  
  59  12:32  Marine  
  59  12:38  Marine  
  59  12:39  Medivac  
  59  12:46  Marauder  
  59  12:47  Raven  
  55  12:57  Marauder  
  45  13:00  Marine  
  45  13:02  Refinery  
  45  13:07  Marine  
  45  13:10  SCV  
  44  13:13  SCV  
  44  13:14  Marine  
  45  13:22  Marauder  
  45  13:24  Medivac  
  49  13:27  SCV  
  49  13:28  Marine  
  49  13:30  SCV  
  44  13:35  SCV  
  44  13:36  Marauder  
  44  13:37  Raven  
  44  13:39  SCV  
  43  13:42  SCV, Siege Tank  
  47  13:49  Marine  
  39  13:55  Marine  
  39  13:56  SCV  
  39  13:58  SCV  
  39  14:00  SCV  
  39  14:02  Marine  
  35  14:09  SCV, Marine  
  36  14:10  SCV  
  36  14:12  SCV  
  31  14:20  Raven, Marauder  
  31  14:21  SCV  
  31  14:22  SCV  
  35  14:25  SCV  
  35  14:29  Marine  
  33  14:35  SCV  
  33  14:37  SCV  
  32  14:47  SCV  
  31  14:54  Marine  
  32  15:06  SCV  
  32  15:10  SCV  
  32  15:13  Marauder  
  30  15:26  Hellion  
  32  15:32  Hellion  
  30  15:54  Hellion  
  25  16:15  Barracks  
  23  16:34  Supply Depot  
  21  17:02  SCV  
  22  17:32  SCV  
  22  17:36  SCV  
  23  17:38  Command Center  
  22  17:44  SCV  
  22  17:48  SCV  
  21  18:04  Refinery  
  13  18:07  Refinery  
  12  18:35  Supply Depot  
  11  18:43  SCV  
  12  18:50  SCV  
  13  18:55  SCV  
  13  19:02  SCV  
  15  19:08  SCV  
  16  19:14  SCV  
  16  19:24  SCV  
  16  19:26  SCV  
  16  19:28  Barracks  
  17  19:54  Supply Depot  
  17  19:56  SCV  
  18  20:01  SCV  
  19  20:08  SCV  
  19  20:13  SCV  
  21  20:17  Marine  
  21  20:20  SCV, Factory  
  22  20:25  SCV  
  22  20:32  SCV  
  22  20:34  Marine  
  23  20:37  SCV  
  24  20:44  SCV  
  24  20:48  Barracks  
  26  20:52  Marine  
  26  20:57  SCV  
  21  21:05  Factory Tech Lab  
  21  21:11  Barracks Tech Lab  
  21  21:24  Hellion  
  23  21:27  Starport  
  23  21:42  SCV  
  23  21:43  Supply Depot  
  23  21:45  Barracks Tech Lab, Siege Tank  
  26  21:47  Marine  
  28  21:54  SCV  
  24  22:05  Marine  
  24  22:06  SCV  
  21  22:17  Hellion  
  2  22:58  Barracks  
Show
View Real Time Build Order
Export as new Build Order

IA (Difícil) Terran 

Build Orders:  

Get SALT Encoding   

  12  0:01  SCV  
  13  0:13  SCV  
  14  0:19  Supply Depot  
  14  0:25  SCV  
  15  0:41  SCV  
  16  0:45  Barracks  
  16  0:51  Refinery  
  16  0:53  SCV  
  17  1:05  SCV  
  18  1:17  SCV  
  19  1:23  Supply Depot  
  19  1:30  SCV  
  19  1:32  Marine  
  21  1:44  Orbital Command, Barracks  
  21  1:49  Marine  
  21  1:51  Refinery  
  22  2:09  Supply Depot  
  22  2:10  Barracks Tech Lab  
  22  2:28  Marine  
  23  2:34  Marine  
  24  2:42  Supply Depot  
  24  2:45  Marine  
  25  2:52  Marine  
  25  2:56  SCV  
  27  3:03  Marine  
  28  3:08  Engineering Bay  
  28  3:09  SCV  
  28  3:10  Marine  
  30  3:21  SCV, Marine  
  30  3:24  Supply Depot  
  32  3:33  SCV  
  33  3:39  Marauder  
  35  3:45  SCV  
  36  3:57  SCV  
  36  4:01  Marauder  
  39  4:03  Marine  
  31  4:21  Marine  
  31  4:22  Marauder  
  34  4:38  Marine  
  34  4:43  Marine  
  36  4:56  Marine  
  36  4:59  SCV  
  37  5:01  Marine  
  38  5:10  Stimpack  
  38  5:11  Factory  
  38  5:13  Terran Infantry Weapons Level 1  
  38  5:14  Marine  
  38  5:15  Factory  
  38  5:19  Marine  
  30  5:33  Barracks Tech Lab  
  30  5:37  Marauder  
  32  5:52  Combat Shield, Marine, Supply Depot  
  32  5:53  Command Center  
  32  5:56  Starport  
  33  5:59  Marauder, Starport  
  33  6:00  Factory Tech Lab  
  33  6:01  Factory Tech Lab  
  35  6:10  Reaper  
  36  6:21  Marauder  
  38  6:33  Missile Turret  
  38  6:34  Starport Tech Lab  
  38  6:40  Missile Turret, Starport Tech Lab  
  38  6:42  Marauder  
  38  6:44  Marine  
  41  6:50  Concussive Shells  
  41  6:55  Raven  
  43  7:01  Bunker  
  43  7:02  Marauder  
  43  7:04  Marine  
  43  7:07  SCV, Terran Infantry Armor Level 1  
  47  7:08  SCV  
  48  7:16  Raven  
  48  7:19  SCV  
  48  7:20  SCV  
  48  7:22  Marine  
  52  7:24  Missile Turret, Marine  
  52  7:27  Refinery  
  54  7:31  SCV  
  54  7:32  Missile Turret  
  54  7:33  SCV  
  56  7:38  Sensor Tower  
  56  7:40  Reaper  
  56  7:42  Marine  
  56  7:43  SCV  
  59  7:45  SCV  
  59  7:51  Refinery  
  60  7:54  Bunker  
  60  7:55  SCV  
  60  7:57  SCV, Armory  
  62  8:01  Marauder  
  63  8:07  SCV  
  63  8:09  SCV  
  65  8:15  Barracks  
  65  8:19  SCV  
  66  8:21  SCV  
  67  8:31  SCV  
  67  8:33  SCV  
  69  8:37  Supply Depot  
  69  8:44  SCV  
  69  8:45  SCV  
  71  8:56  SCV  
  72  9:02  Barracks Reactor  
  72  9:13  Medivac  
  72  9:14  Medivac  
  72  9:16  Marine  
  77  9:18  Supply Depot  
  77  9:19  Marine  
  78  9:29  Terran Infantry Weapons Level 2  
  76  9:31  Command Center  
  76  9:33  Marine  
  76  9:36  Ghost Academy  
  76  9:37  Marine  
  76  9:40  Marine  
  76  9:43  Medivac, Marine  
  76  9:44  Raven  
  82  9:51  Marine  
  83  9:54  SCV  
  83  9:55  Supply Depot  
  84  10:03  Terran Vehicle Weapons Level 1  
  84  10:07  Ghost  
  86  10:22  Engineering Bay  
  86  10:32  Fusion Core  
  86  10:42  Armory  
  86  10:46  SCV  
  86  10:48  SCV  
  88  10:50  Terran Infantry Armor Level 2, Missile Turret  
  88  10:53  SCV  
  88  10:54  Missile Turret  
  89  10:58  SCV, Missile Turret  
  89  11:00  SCV  
  89  11:01  Refinery  
  91  11:05  SCV  
  91  11:10  SCV  
  93  11:12  SCV  
  93  11:17  SCV  
  95  11:20  Bunker  
  95  11:22  SCV  
  95  11:24  SCV  
  97  11:25  Bunker  
  97  11:29  SCV, Terran Vehicle And Ship Armor Level 1  
  98  11:34  SCV  
  98  11:36  SCV  
  100  11:41  SCV  
  100  11:46  SCV  
  102  11:49  Refinery  
  102  11:57  Terran Ship Weapons Level 1  
  102  12:10  Raven  
  102  12:11  Raven  
  102  12:13  Marine  
  102  12:33  Siege Tank  
  102  12:35  Supply Depot  
  102  12:36  Marine  
  106  12:39  Terran Infantry Weapons Level 3  
  106  12:40  Marine  
  106  12:43  Marine  
  108  12:46  Marine  
  105  12:54  Ghost, Siege Tank  
  104  13:00  Marauder  
  104  13:01  Supply Depot  
  106  13:07  Cyclone  
  106  13:10  Terran Infantry Armor Level 3  
  106  13:12  Marine  
  105  13:14  SCV  
  106  13:20  Marine  
  106  13:21  Marauder  
  106  13:23  Terran Vehicle Weapons Level 2  
  106  13:26  Supply Depot, Siege Tank  
  112  13:29  Marauder  
  113  13:35  Marine  
  114  13:43  Marauder  
  116  13:51  Marauder, Terran Vehicle And Ship Armor Level 2  
  116  13:53  Marine  
  118  14:04  Marauder  
  118  14:05  Marine  
  119  14:12  Marine  
  119  14:17  SCV  
  120  14:31  Rapid Reignition System  
  120  14:49  Marauder  
  120  14:52  Marine  
  118  15:11  Marauder  
  120  15:16  Neosteel Armor  
  120  15:29  Marine  
  120  15:34  Marauder  
  119  15:38  Terran Ship Weapons Level 2  
  119  15:39  Raven  
  119  15:47  Hi-Sec Auto Tracking  
  119  15:50  Command Center  
  119  16:07  Terran Vehicle Weapons Level 3  
  119  16:11  Hellion  
  121  16:13  Supply Depot  
  121  16:14  Hellion  
  123  16:32  Hellion  
  125  16:35  Siege Tank  
  128  16:40  Supply Depot  
  128  16:53  Siege Tank  
  131  17:07  Thor  
  137  17:25  Siege Tank  
  130  17:39  Marine  
  130  17:43  Marine  
  118  17:45  Missile Turret  
  118  17:46  Marine  
  118  17:49  Marine  
  118  17:50  Missile Turret  
  114  17:53  Hellion, Refinery  
  114  17:54  SCV  
  114  17:55  Terran Vehicle And Ship Armor Level 3, Infernal Pre-Igniter  
  114  17:57  Refinery, Siege Tank  
  115  17:59  SCV  
  115  18:00  Marine  
  115  18:03  Marine  
  117  18:06  Marine  
  117  18:09  Marine  
  119  18:14  Bunker  
  119  18:16  Siege Tank  
  119  18:18  Marine  
  119  18:19  SCV  
  124  18:21  SCV, Marine  
  125  18:27  Marine  
  125  18:29  Medivac  
  125  18:31  Marine  
  125  18:33  Raven  
  110  18:34  Siege Tank  
  113  18:44  Terran Ship Weapons Level 3  
  113  18:48  Siege Tank  
  114  19:06  Siege Tank  
  116  19:26  SCV  
  116  19:28  SCV  
  116  19:29  Marauder  
  116  19:30  SCV  
  112  19:32  Marauder  
  112  19:34  Marine  
  112  19:39  Marine  
  104  19:47  SCV  
  104  19:49  SCV  
  104  19:50  Marine  
  104  19:51  Marine  
  102  19:52  Marine  
  102  19:53  SCV  
  102  19:57  Marine  
  102  19:59  SCV  
  101  20:02  SCV  
  87  20:08  SCV, Marauder  
  87  20:09  Medivac  
  87  20:11  Medivac  
  87  20:12  SCV  
  87  20:13  Marauder  
  94  20:15  SCV  
  94  20:17  Marine  
  94  20:19  Marine  
  94  20:20  SCV  
  98  20:24  SCV  
  98  20:27  SCV  
  99  20:29  Marine  
  99  20:32  SCV  
  99  20:35  Marauder, Marine  
  104  20:37  Marine  
  105  20:46  Command Center  
  105  20:47  Marauder  
  107  20:52  Marine  
  107  20:55  Marine  
  107  20:56  Marine  
  110  21:08  Marine  
  110  21:10  Marine  
  112  21:12  Marine  
  112  21:13  Marine  
  113  21:26  Marauder, Refinery  
  113  21:28  Marine  
  113  21:32  Marauder  
  117  21:47  Ghost  
  117  21:52  Ghost  
  120  22:15  Refinery  
  120  22:36  Missile Turret  
  120  22:41  Missile Turret  
  116  22:59  Widow Mine  
  116  23:01  Widow Mine  
  116  23:03  Bunker  
  116  23:58  Widow Mine  
  113  24:03  Widow Mine  
  103  24:17  Command Center  
  103  24:19  Siege Tank  
  103  24:24  Siege Tank  
  109  25:31  SCV  
  109  25:32  SCV  
  109  25:34  Widow Mine  
  109  25:35  SCV  
  109  25:36  SCV  
  109  25:37  Widow Mine  
  109  25:38  SCV  
  107  25:43  SCV  
  107  25:45  SCV  
  107  25:47  SCV  
  107  25:49  SCV  
  111  25:51  Refinery  
  111  25:52  SCV  
  111  25:55  SCV, Missile Turret, Siege Tank  
  116  25:58  Siege Tank  
  116  25:59  Missile Turret  
  116  26:01  Refinery  
  118  26:21  Reaper  
  118  26:22  Bunker  
  118  26:24  SCV  
  120  26:25  SCV  
  120  26:27  Cyclone, Ghost  
  120  26:28  Personal Cloaking  
  120  26:32  Reaper  
  126  26:33  SCV  
  126  26:35  Cyclone  
  129  26:44  SCV  
  129  26:53  Ghost  
  131  26:55  Ghost  
  131  26:59  SCV  
  131  27:00  SCV  
  122  27:02  SCV  
  122  27:05  SCV  
  117  27:11  SCV  
  117  27:12  SCV  
  117  27:15  SCV  
  117  27:17  Viking  
  117  27:20  Viking  
  119  27:23  SCV  
  119  27:24  SCV  
  119  27:25  Hellion  
  119  27:27  SCV  
  119  27:29  Hellion  
  121  27:35  SCV  
  121  27:36  SCV  
  114  27:39  SCV  
  113  27:46  Hellion  
  113  27:47  Viking, SCV  
  113  27:49  SCV  
  117  27:51  SCV, Command Center  
  118  27:59  SCV  
  118  28:02  SCV  
  118  28:03  SCV  
  121  28:11  SCV  
  121  28:14  SCV  
  121  28:16  SCV  
  123  28:23  SCV  
  123  28:26  SCV  
  125  28:28  SCV  
  125  28:35  SCV  
  125  28:38  SCV  
  125  28:40  SCV  
  128  28:44  Raven x2  
  128  28:47  SCV  
  116  28:50  Ghost  
  116  28:53  Marine  
  97  28:56  SCV, Marine  
  97  29:00  Marine  
  73  29:07  SCV  
  73  29:11  Marine  
  73  29:14  Marine  
  75  29:17  Marine  
  75  29:18  Marine  
  69  29:24  SCV, Hellion  
  69  29:26  SCV  
  69  29:27  Raven, Medivac  
  69  29:28  SCV  
  69  29:29  SCV, Marine  
  71  29:32  Marine  
  71  29:36  SCV, Marine  
  71  29:37  Marine  
  71  29:38  SCV  
  68  29:40  SCV  
  68  29:41  SCV  
  68  29:42  Missile Turret  
  54  29:47  Missile Turret, Marine  
  54  29:48  Cyclone  
  54  29:49  SCV  
  54  29:50  SCV  
  54  29:52  SCV  
  37  29:53  SCV  
  37  29:55  Refinery, Marine  
  34  30:01  SCV  
  34  30:05  SCV  
  30  30:09  SCV  
  30  30:10  Viking  
  30  30:13  SCV  
  25  30:22  SCV  
  25  30:24  Refinery  
  18  30:34  SCV  
  9  31:12  Supply Depot  
  8  31:21  SCV  
  9  31:33  SCV  
  9  31:48  SCV  
  9  32:00  SCV  
  10  32:13  Supply Depot, Command Center  
  10  32:35  SCV  
  10  32:47  SCV  
  11  32:57  Command Center  
  10  32:59  SCV  
  11  33:34  Barracks  
  3  34:12  SCV  
  4  34:21  Marine  
  6  34:24  SCV  
  6  34:36  SCV  
  7  34:39  Marine  
  7  34:41  Barracks  
  8  34:48  SCV  
  9  35:08  Command Center x2, Orbital Command  
  9  35:10  Supply Depot  
  9  35:13  Factory, Barracks Tech Lab  
  9  35:31  Barracks Tech Lab  
  9  35:35  Supply Depot  
  11  35:50  Marine  
  11  35:55  Factory Tech Lab  
  10  35:57  Starport  
  9  36:09  Marauder  
  11  36:13  Barracks  
  12  36:24  SCV  
  11  36:28  SCV  
  5  36:36  SCV  
  5  36:40  SCV  
  5  36:43  Supply Depot  
  6  36:48  SCV  
  7  37:09  Barracks  
  6  37:46  Command Center  
  4  37:52  SCV  
  3  38:08  SCV  
  4  38:21  SCV  
Show
View Real Time Build Order
Export as new Build Order

IA (Difícil) Terran 

Build Orders:  

Get SALT Encoding   

  12  0:01  SCV  
  13  0:13  SCV  
  14  0:19  Supply Depot  
  14  0:25  SCV  
  15  0:40  SCV  
  16  0:44  Barracks  
  16  0:49  Refinery  
  16  0:52  SCV  
  17  1:05  SCV  
  18  1:17  SCV  
  19  1:20  Supply Depot  
  19  1:29  SCV  
  19  1:30  Marine  
  21  1:43  Orbital Command, Barracks  
  21  1:48  Marine  
  21  1:49  Refinery  
  22  2:07  Supply Depot, Barracks Tech Lab  
  22  2:25  Marine  
  23  2:32  Marine  
  24  2:44  Marauder  
  26  2:48  Supply Depot  
  26  2:50  Marine  
  27  2:54  SCV  
  28  3:05  Marine  
  29  3:06  SCV  
  29  3:07  Marine  
  29  3:08  Engineering Bay  
  31  3:18  SCV  
  32  3:23  Marauder  
  32  3:26  Supply Depot  
  34  3:31  SCV  
  35  3:43  SCV  
  35  3:44  Marauder  
  38  3:55  SCV  
  39  4:06  Marauder  
  41  4:19  SCV  
  41  4:27  Marauder  
  43  4:44  Marine  
  41  4:50  Marine  
  41  5:01  Marine  
  41  5:04  Stimpack, Factory  
  42  5:08  Terran Infantry Weapons Level 1, Marine, Factory  
  43  5:22  Missile Turret, Barracks Tech Lab  
  43  5:26  Reaper, Missile Turret  
  39  5:40  Supply Depot  
  39  5:41  Marine  
  40  5:48  Factory Tech Lab  
  38  5:53  Starport  
  38  5:56  Starport  
  34  5:57  Factory Tech Lab  
  34  5:58  Marine  
  34  5:59  Marine  
  34  6:08  Command Center  
  31  6:16  Marine  
  31  6:18  Marine  
  26  6:25  SCV  
  21  6:32  Viking  
  19  6:34  Marauder  
  19  6:37  SCV  
  19  6:39  Reaper  
  15  6:49  SCV  
  11  6:55  Marine  
  11  7:01  SCV, Starport Tech Lab  
  10  7:11  Barracks Tech Lab  
  10  7:13  SCV, Marine  
  11  7:19  Hellion  
  12  7:26  SCV, Command Center  
  8  7:38  SCV  
  3  8:30  Barracks  
  2  9:30  SCV  
  3  10:02  SCV  
  4  10:23  SCV  
  5  10:42  SCV  
  6  12:17  Command Center  
  6  12:19  SCV  
  7  12:31  SCV  
  8  12:43  SCV  
  9  12:55  SCV  
  10  13:07  SCV  
  11  13:32  SCV  
  12  13:36  SCV  
  13  13:51  Barracks  
  13  13:52  SCV  
  14  13:58  SCV  
  15  14:04  SCV  
  15  14:22  SCV  
  16  14:38  Marine  
  17  14:42  Factory  
  17  14:45  SCV  
  18  14:49  SCV  
  19  14:57  SCV  
  19  14:58  Barracks Tech Lab  
  20  15:01  SCV  
  20  15:09  SCV  
  20  15:13  SCV  
  20  15:14  Refinery  
  22  15:16  Marine  
  23  15:21  SCV  
  23  15:23  Barracks  
  23  15:25  SCV  
  23  15:26  Hellion  
  27  15:33  SCV  
  27  15:35  Marauder  
  30  15:38  SCV  
  31  15:45  SCV  
  31  15:50  SCV  
  31  15:53  Factory  
  31  15:57  Supply Depot, Factory Tech Lab  
  32  16:13  Starport, Barracks Tech Lab  
  32  16:39  Refinery  
  32  16:43  Refinery  
  32  16:45  Factory Tech Lab  
  32  16:52  Refinery, Starport Tech Lab  
  32  16:59  Orbital Command, Marine  
  32  17:00  SCV  
  33  17:04  Marine  
  34  17:13  Starport  
  27  17:23  Marine  
  24  17:34  SCV  
  24  17:36  SCV  
  23  17:41  Marine  
  10  18:34  Command Center  
  10  18:54  Supply Depot  
  9  19:17  SCV, Barracks  
  10  19:29  SCV  
  11  19:41  SCV  
  12  19:47  SCV  
  13  19:55  SCV  
  13  20:01  SCV  
  13  20:05  Marine  
  15  20:07  SCV  
  15  20:10  Factory  
  15  20:13  SCV  
  16  20:19  SCV  
  17  20:23  Marine  
  17  20:26  SCV  
  19  20:31  SCV  
  19  20:38  SCV  
  21  20:45  SCV  
  19  21:06  Supply Depot  
  13  21:32  Barracks  
Show
View Real Time Build Order
Export as new Build Order

IA (Difícil) Terran 

Build Orders:  

Get SALT Encoding   

  12  0:01  SCV  
  13  0:13  SCV  
  14  0:19  Supply Depot  
  14  0:25  SCV  
  15  0:41  SCV  
  16  0:44  Barracks  
  16  0:48  Refinery  
  16  0:53  SCV  
  17  1:05  SCV  
  18  1:17  SCV  
  19  1:21  Supply Depot  
  19  1:30  SCV  
  19  1:32  Marine  
  21  1:41  Barracks  
  21  1:43  Orbital Command  
  21  1:49  Refinery  
  21  1:51  Barracks Tech Lab  
  21  2:08  Supply Depot  
  21  2:09  Marine  
  22  2:27  Marine  
  22  2:28  Marine  
  24  2:44  Marine  
  24  2:45  Marine  
  24  2:48  Supply Depot  
  26  2:56  SCV  
  27  3:02  Marine  
  27  3:03  Marine  
  29  3:07  Engineering Bay  
  29  3:08  SCV  
  30  3:20  SCV, Marine  
  30  3:21  Marine  
  30  3:24  Supply Depot  
  33  3:33  SCV  
  34  3:38  Marauder  
  34  3:39  Marine  
  37  3:45  SCV  
  38  3:57  SCV  
  38  4:00  Marauder  
  41  4:21  Marauder  
  43  4:58  SCV  
  43  5:02  Barracks Tech Lab  
  43  5:04  Stimpack  
  43  5:05  Terran Infantry Weapons Level 1  
  43  5:06  Factory  
  43  5:10  Factory  
  43  5:11  Marauder  
  42  5:21  Marine  
  43  5:22  Concussive Shells, Missile Turret  
  36  5:32  Marauder  
  35  5:38  Marine  
  36  5:51  Factory Tech Lab  
  36  5:53  Marine  
  36  5:55  Starport  
  38  5:57  Marauder  
  38  5:58  Missile Turret  
  38  6:02  Starport  
  38  6:04  Combat Shield  
  38  6:05  Ghost Academy  
  38  6:07  Supply Depot  
  38  6:09  Factory Tech Lab  
  38  6:11  Marine  
  38  6:18  Marine  
  40  6:19  Bunker  
  40  6:29  Marauder  
  40  6:31  Command Center  
  42  6:34  Starport Tech Lab  
  42  6:36  Marauder  
  44  6:40  Starport Tech Lab  
  44  6:50  Marine  
  44  6:53  Raven  
  47  6:57  Marauder  
  47  6:59  Terran Infantry Armor Level 1  
  49  7:08  Ghost, Barracks  
  42  7:18  Marine  
  42  7:20  Viking  
  39  7:36  Viking  
  39  7:39  Marauder  
  41  7:46  Marauder  
  43  7:59  Marine  
  43  8:01  Marine  
  45  8:08  Raven, Marine  
  48  8:17  Marine  
  49  8:22  Command Center  
  51  8:27  Marauder  
  51  8:30  Marine  
  52  8:37  Marine  
  53  8:48  Marine  
  54  8:52  Marine  
  55  9:02  Sensor Tower  
  54  9:04  Reaper  
  54  9:09  Medivac  
  54  9:20  Medivac  
  56  9:36  SCV  
  57  9:39  Medivac  
  57  9:41  SCV  
  60  9:48  SCV  
  61  9:53  SCV  
  61  10:09  Marine  
  61  10:12  Raven  
  61  10:13  Marine  
  63  10:17  Marine  
  50  10:27  Marine  
  51  10:31  Marine  
  51  10:34  Marine  
  53  10:38  Refinery  
  53  10:45  Marine  
  53  10:49  Marine  
  55  10:51  Raven  
  55  10:52  Marine  
  58  10:58  Refinery  
  58  11:03  Marine  
  57  11:07  Marauder  
  57  11:08  SCV  
  57  11:10  Marine  
  60  11:21  Marine  
  60  11:24  Command Center  
  61  11:28  Marine  
  61  11:29  Marine  
  63  11:35  Raven  
  65  11:43  Marauder  
  66  11:49  SCV  
  66  11:51  Reaper  
  66  11:53  SCV  
  69  12:01  SCV  
  66  12:03  Raven  
  60  12:11  Marine  
  45  12:17  Marine  
  45  12:18  Medivac  
  44  12:23  Marine  
  44  12:28  Marine  
  45  12:42  Hellion  
  47  12:46  Medivac  
  47  12:48  Medivac  
  48  12:54  Siege Tank  
  50  13:11  SCV  
  51  13:14  Siege Tank  
  51  13:15  SCV  
  51  13:17  SCV  
  56  13:24  SCV  
  56  13:27  Hellion  
  59  13:46  Siege Tank  
  59  13:48  Siege Tank  
  65  13:50  Marine  
  65  13:55  Marine  
  66  13:59  Marine  
  68  14:08  Raven, Marine  
  71  14:15  SCV  
  71  14:18  Hellion  
  71  14:20  Hellion  
  75  14:34  Refinery  
  75  14:39  Siege Tank  
  75  14:41  Siege Tank  
  81  15:00  Refinery  
  81  15:03  SCV  
  81  15:04  Supply Depot  
  81  15:05  SCV  
  82  15:07  Marine  
  82  15:08  Refinery  
  82  15:11  Siege Tank  
  86  15:19  Siege Tank  
  89  15:24  SCV  
  89  15:26  SCV  
  89  15:28  SCV  
  92  15:29  Supply Depot  
  92  15:40  SCV  
  92  15:41  SCV  
  94  15:50  Armory  
  94  15:58  Supply Depot  
  94  15:59  SCV  
  95  16:05  Marauder  
  97  16:13  Liberator  
  97  16:17  Marine  
  101  16:20  Marine  
  102  16:25  Supply Depot  
  102  16:26  Marine  
  103  16:34  Marine  
  104  16:42  Thor  
  104  16:44  Marauder  
  112  16:51  Cyclone  
  112  16:53  Marauder  
  117  16:57  Supply Depot  
  117  17:02  Liberator  
  117  17:06  SCV, Marauder  
  124  17:08  SCV  
  81  17:41  Marine  
  63  17:45  Marine  
  63  17:49  Marine  
  31  17:59  SCV, Marine  
  31  18:04  Marauder  
  31  18:05  Raven  
  37  18:09  Raven  
  37  18:12  Marine  
  39  18:17  Marine  
  41  18:25  Marine  
  41  18:26  SCV  
  42  18:30  Marine  
  43  18:35  Marauder  
  43  18:36  Command Center  
  43  18:40  Siege Tank  
  48  18:43  Marauder  
  48  18:48  Medivac  
  52  18:52  Medivac  
  54  18:57  Marine  
  54  19:00  Marine  
  56  19:04  Marine  
  57  19:15  Marine  
  58  19:18  Medivac, Marine  
  58  19:22  Raven, Marine  
  64  19:33  Marine  
  64  19:36  Marine  
  63  19:40  Marauder  
  58  19:51  Marauder  
  60  19:53  SCV  
  60  19:54  Marine  
  60  19:56  SCV  
  60  19:58  SCV  
  64  20:02  Marauder  
  59  20:12  Marine  
  59  20:13  Marauder  
  58  20:23  Raven, Marauder  
  62  20:34  Marauder  
  60  20:46  Marine  
  52  20:50  Marine  
  52  20:55  Marine  
  53  20:58  Hellion  
  53  21:04  Viking, Marine  
  56  21:08  Hellion  
  53  21:21  Command Center  
  53  21:31  Marauder  
  53  21:34  Marine  
  53  21:38  Marine  
  47  21:50  Viking  
  47  21:52  Marine  
  50  21:54  Marine  
  50  21:58  Marine  
  43  22:10  Marauder  
  43  22:13  Marauder  
  46  22:16  Marine  
  46  22:26  Raven  
  47  22:32  Marauder  
  47  22:33  Marine  
  50  22:42  Marine  
  50  22:52  Marine  
  50  22:53  Marine  
  46  23:01  Marine  
  46  23:11  Marauder  
  44  23:34  Marine  
  44  23:38  Marine  
  44  23:40  Command Center  
  42  23:45  Marine  
  40  23:49  SCV  
  40  23:53  SCV  
  42  24:01  SCV  
  43  24:08  Marine  
  42  24:12  Marine  
  40  24:18  Marine  
  30  24:26  Marine  
  26  25:23  SCV  
  26  25:26  SCV  
  26  25:28  SCV  
  29  25:29  SCV  
  29  25:35  SCV  
  29  25:37  Supply Depot  
  29  25:38  SCV  
  31  25:54  Refinery  
  31  25:57  SCV  
  32  26:07  Barracks  
  32  26:10  SCV  
  30  26:13  SCV  
  30  26:16  SCV  
  30  26:20  SCV  
  30  26:25  SCV  
  34  26:34  SCV  
  28  26:42  Supply Depot  
  13  27:21  Command Center  
  13  27:41  Barracks  
  13  27:44  Command Center  
  10  28:34  SCV  
  10  28:37  Factory  
  9  28:46  SCV  
  9  29:17  Command Center  
  7  30:14  SCV, Marine  
  9  30:26  SCV  
  10  30:32  Marine  
  10  30:33  SCV  
  11  31:02  SCV  
  11  32:20  SCV, Marine  
  13  32:26  SCV  
  12  33:15  Marine  
  15  33:20  Hellion  
  15  33:33  Marine  
  16  34:18  Factory Tech Lab  
  13  34:32  SCV  
Show
View Real Time Build Order
Export as new Build Order

IA (Difícil) Terran 

Build Orders:  

Get SALT Encoding   

  12  0:01  SCV  
  13  0:13  SCV  
  14  0:19  Supply Depot  
  14  0:25  SCV  
  15  0:41  SCV  
  16  0:45  Barracks  
  16  0:49  Refinery  
  16  0:53  SCV  
  17  1:05  SCV  
  18  1:17  SCV  
  19  1:21  Supply Depot  
  19  1:30  SCV  
  20  1:32  Marine  
  21  1:42  Barracks  
  21  1:43  Orbital Command  
  21  1:49  Refinery  
  21  1:52  Barracks Tech Lab  
  21  2:07  Supply Depot  
  21  2:09  Marine  
  22  2:27  Marine  
  23  2:31  Marine  
  24  2:40  Supply Depot  
  24  2:45  Marine  
  24  2:48  Marine  
  26  3:04  Marauder  
  28  3:06  Marine  
  29  3:12  Supply Depot  
  29  3:15  SCV  
  30  3:24  Marine  
  31  3:27  SCV, Marine  
  31  3:28  Engineering Bay  
  33  3:39  SCV  
  34  3:42  Marine  
  34  3:45  Marine  
  36  3:51  SCV  
  36  4:00  Marine  
  37  4:03  SCV  
  37  4:04  Marauder  
  40  4:15  SCV  
  40  4:25  Marauder  
  40  4:27  SCV  
  43  4:39  SCV  
  44  4:47  Marauder  
  46  5:08  Marauder  
  48  6:19  Barracks Tech Lab  
  48  6:21  Stimpack, Factory  
  48  6:23  Terran Infantry Weapons Level 1  
  48  6:27  Factory  
  48  6:31  Supply Depot  
  48  6:34  Missile Turret  
  48  6:35  Command Center  
  48  6:37  Combat Shield  
  48  6:39  Missile Turret  
  48  6:45  Barracks  
  48  6:55  Supply Depot  
  48  7:01  Bunker  
  48  7:06  Widow Mine  
  50  7:10  Starport  
  50  7:14  Starport  
  50  7:16  Widow Mine  
  52  7:28  Factory Tech Lab  
  51  7:39  Factory Tech Lab  
  51  7:47  Siege Tank  
  51  7:49  SCV  
  51  7:51  SCV  
  56  7:56  Concussive Shells  
  56  7:59  Siege Tank  
  56  8:01  SCV  
  56  8:03  SCV  
  61  8:09  Missile Turret  
  58  8:13  SCV  
  58  8:15  SCV, Missile Turret  
  58  8:17  Terran Infantry Armor Level 1  
  58  8:22  Sensor Tower  
  58  8:25  SCV, Marine  
  43  8:27  SCV  
  43  8:28  Armory  
  43  8:29  Barracks Reactor  
  43  8:30  Starport Tech Lab  
  43  8:31  Starport Tech Lab  
  29  8:35  Marine  
  29  8:38  SCV  
  29  8:39  SCV  
  31  8:45  Widow Mine  
  29  8:48  Raven  
  29  8:50  SCV, Raven, Refinery  
  29  8:51  SCV  
  29  8:53  Marine  
  36  9:02  SCV  
  37  9:04  Refinery, Marine  
  37  9:13  Marine  
  37  9:14  SCV  
  38  9:20  SCV  
  38  9:22  Marine  
  40  9:26  SCV  
  40  9:32  SCV, Marine  
  42  9:39  SCV  
  42  9:42  Marine  
  42  9:45  SCV  
  44  9:51  SCV, Marine  
  34  10:01  Marauder  
  34  10:02  SCV  
  35  10:07  SCV  
  35  10:09  Marine  
  34  10:14  SCV  
  34  10:19  Widow Mine  
  31  10:27  Siege Tank  
  32  10:29  SCV  
  32  10:33  SCV  
  31  10:37  Marine  
  31  10:41  SCV, Marine  
  33  10:48  SCV  
  34  10:54  Marine  
  27  10:59  Marine  
  27  11:10  Marauder  
  29  11:15  SCV  
  29  11:17  SCV  
  27  11:27  SCV  
  27  11:28  Raven  
  30  11:33  SCV  
  30  11:39  SCV  
  32  11:45  SCV  
  33  11:50  Raven  
  33  11:51  SCV  
  35  11:55  Marine  
  35  11:58  Marine  
  34  12:02  Marine  
  34  12:06  Marine  
  18  12:51  SCV, Marine  
  19  12:53  SCV  
  19  12:55  Marine  
  22  12:59  Marine  
  22  13:02  Marine  
  22  13:03  SCV  
  22  13:05  SCV  
  24  13:11  Marauder  
  26  13:15  SCV  
  28  13:20  SCV  
  26  13:27  SCV  
  26  13:32  SCV  
  27  13:37  Raven  
  27  13:39  SCV  
  30  13:44  SCV  
  30  13:51  SCV  
  31  13:56  SCV  
  32  14:03  SCV, Raven  
  32  14:08  SCV  
  36  14:12  Marine  
  36  14:15  Marine  
  38  14:18  Marine  
  38  14:21  Marine  
  40  14:30  Marauder  
  42  14:35  Marauder  
  41  14:39  Marine  
  41  14:42  Marine  
  39  14:51  Marine  
  37  14:56  Marine  
  37  14:57  Marine  
  39  15:00  Marine  
  128  15:07  Medivac  
  40  15:09  Marauder  
  40  15:13  Marine  
  45  15:14  Marine  
  45  15:17  Siege Tank  
  45  15:20  Widow Mine  
  51  15:25  SCV  
  51  15:32  Banshee  
  54  15:39  Medivac  
  56  15:56  Marine  
  57  15:59  Marine  
  57  16:03  Marine  
  59  16:07  Marine  
  59  16:09  Raven  
  62  16:14  Marine  
  62  16:15  Medivac  
  62  16:17  Marine  
  66  16:21  Marine  
  66  16:24  Marine  
  68  16:28  SCV  
  68  16:32  Marauder  
  70  16:35  Marauder  
  72  16:41  Siege Tank  
  75  16:50  Supply Depot  
  75  16:51  Widow Mine  
  75  16:53  Marauder  
  79  16:56  Banshee  
  81  17:02  SCV  
  82  17:14  Thor  
  88  17:24  Supply Depot  
  88  17:28  Terran Infantry Weapons Level 2  
  88  17:48  Ghost Academy  
  88  17:57  Reaper  
  89  17:58  Supply Depot  
  88  18:18  Ghost  
  90  18:22  Reaper  
  88  18:28  Ghost  
  88  18:29  Marine  
  88  18:39  Refinery  
  88  18:45  Supply Depot  
  88  18:46  Ghost  
  88  18:47  Marine  
  91  18:54  Widow Mine, Marine  
  94  18:57  Widow Mine  
  94  18:59  Marine  
  97  19:05  Marine  
  98  19:12  Marine  
  98  19:15  Ghost  
  101  19:17  Ghost  
  103  19:36  Personal Cloaking  
  103  19:44  Terran Infantry Armor Level 2  
  103  19:57  Terran Vehicle Weapons Level 1  
  103  19:59  Marine  
  97  20:03  Marine  
  97  20:06  Marine  
  75  20:10  Marine  
  76  20:16  Marine  
  76  20:21  Marine  
  78  20:32  Reaper  
  78  20:34  Ghost  
  81  20:57  Ghost  
  83  21:20  Ghost  
  83  21:23  Marine  
  86  21:26  Marine  
  86  21:28  Marine  
  87  21:41  Marine  
  87  21:44  Marine  
  87  21:46  Marine  
  90  21:49  Marine  
  90  21:52  Command Center  
  91  21:56  Terran Vehicle And Ship Armor Level 1  
  91  21:59  Marine  
  90  22:02  Marine  
  90  22:04  Marine  
  90  22:07  Marine  
  93  22:16  Marine  
  93  22:20  Marine  
  93  22:22  Marauder  
  97  22:25  Marauder  
  99  23:06  SCV  
  99  23:08  SCV  
  99  23:11  SCV, Refinery  
  102  23:13  Refinery  
  102  23:18  SCV  
  102  23:21  Marine  
  102  23:22  SCV  
  102  23:26  Marine  
  85  23:28  Marine  
  86  23:37  Viking  
  86  23:38  Marine  
  85  23:43  Marine  
  85  23:46  Hellion  
  87  23:49  Viking  
  89  23:56  Marine  
  89  23:57  Supply Depot  
  89  24:02  Supply Depot  
  47  24:11  Supply Depot  
  35  24:18  Viking  
  35  24:23  SCV  
  35  24:26  Hellion  
  35  24:30  Barracks  
  35  24:41  Command Center  
  24  25:18  Marine  
  24  25:20  Factory  
  21  25:38  Barracks Tech Lab  
  6  25:57  SCV  
  2  26:09  SCV  
  3  26:21  SCV  
  4  26:28  Supply Depot  
  4  26:33  SCV  
  5  26:45  SCV  
  6  26:57  SCV  
  7  27:48  Barracks  
Show
View Real Time Build Order
Export as new Build Order

IA (Difícil) Terran 

Build Orders:  

Get SALT Encoding   

  12  0:01  SCV  
  13  0:13  SCV  
  14  0:19  Supply Depot  
  14  0:25  SCV  
  15  0:40  SCV  
  16  0:45  Barracks  
  16  0:49  Refinery  
  16  0:52  SCV  
  17  1:04  SCV  
  18  1:17  SCV  
  19  1:21  Supply Depot  
  19  1:29  SCV  
  19  1:32  Marine  
  21  1:42  Orbital Command, Barracks  
  21  1:49  Refinery  
  21  1:50  Barracks Tech Lab  
  21  2:05  Factory  
  21  2:09  Marine  
  22  2:19  Supply Depot  
  22  2:27  Marine  
  23  2:32  Marine  
  24  2:45  Marauder  
  26  2:52  Supply Depot  
  26  2:54  Marine  
  27  3:06  Marine  
  28  3:16  Marine  
  29  3:26  Marine  
  30  3:28  Supply Depot  
  30  3:35  SCV  
  30  3:38  Hellion  
  33  3:47  SCV  
  34  3:49  Engineering Bay, Marauder  
  36  3:59  SCV  
  36  4:00  Hellion  
  37  4:10  Marine  
  37  4:11  SCV  
  37  4:16  Supply Depot  
  39  4:21  Marine  
  39  4:23  SCV  
  40  4:33  Hellion  
  40  4:35  SCV  
  43  4:47  SCV  
  44  4:55  Hellion  
  46  5:16  Hellion  
  43  5:21  Marine  
  44  5:37  Hellion  
  46  5:59  Hellion  
  48  6:20  Hellion  
  50  6:43  Barracks Tech Lab  
  50  6:46  Stimpack, Marauder, Factory, Factory Tech Lab  
  52  6:48  Terran Infantry Weapons Level 1  
  52  6:52  Starport  
  52  6:56  Starport  
  52  6:58  Missile Turret  
  52  7:01  Supply Depot  
  51  7:02  Concussive Shells, Marauder  
  51  7:05  Ghost Academy  
  51  7:06  Command Center  
  51  7:09  Marauder  
  51  7:10  Missile Turret  
  31  7:23  Marine  
  31  7:29  Factory Tech Lab  
  30  7:30  Marine  
  30  7:31  Starport Tech Lab  
  30  7:33  Starport Tech Lab  
  31  7:40  Marine  
  30  7:44  Combat Shield  
  30  7:48  Marine  
  31  7:51  Raven  
  31  7:52  Raven  
  35  7:58  Marine  
  36  8:05  Marine  
  36  8:07  Command Center  
  37  8:16  Marine  
  38  8:23  Marine  
  39  8:34  Marine  
  40  8:42  Marauder, Terran Infantry Armor Level 1  
  42  8:50  Bunker  
  42  8:52  Marine  
  42  9:02  Marine  
  42  9:05  Sensor Tower  
  43  9:10  Marauder  
  43  9:15  Armory  
  45  9:19  SCV  
  45  9:21  Marauder  
  45  9:22  SCV  
  46  9:31  SCV, Marine  
  20  9:40  SCV  
  21  9:48  SCV  
  21  9:49  Marine  
  21  9:52  SCV  
  16  10:00  SCV  
  16  10:04  SCV  
  16  10:06  Marine  
  16  10:12  SCV  
  16  10:13  Viking  
  17  10:18  SCV  
  15  10:31  SCV  
  9  11:12  SCV  
  10  11:24  SCV  
  11  11:28  Barracks  
  11  12:02  SCV  
  11  12:07  Supply Depot  
  11  12:15  Marine  
  12  12:20  SCV  
  12  12:32  SCV  
  12  12:33  Marine  
  12  12:44  SCV  
  12  12:56  SCV  
  13  13:08  SCV  
  14  13:13  Command Center  
  14  13:14  Barracks Tech Lab  
  13  13:48  SCV, Marine  
  13  13:51  Supply Depot  
  13  14:00  SCV  
  13  14:06  Marine  
  14  14:12  SCV  
  13  14:25  SCV  
  9  14:44  SCV  
  8  14:46  SCV  
  6  15:11  SCV  
  1  15:23  SCV  
  2  15:35  SCV  
  3  15:49  SCV  
  4  16:06  SCV  
  5  16:19  SCV  
  6  16:40  Supply Depot  
  6  17:31  SCV  
  6  17:34  Barracks  
  7  18:22  Marine  
  8  18:40  SCV  
  9  18:52  SCV  
  9  18:53  Command Center  
  10  18:57  Marine  
  10  19:14  Marine  
  11  19:32  Marine  
  12  19:43  Factory  
  12  19:50  Marine  
  12  20:29  Factory Tech Lab  
  12  20:47  Siege Tank  
  15  20:54  Supply Depot  
  15  21:19  Hellion  
  17  21:40  Siege Tank  
  20  21:48  Barracks  
  20  22:02  Barracks Tech Lab  
  20  22:36  Barracks Tech Lab  
  20  22:46  Marine  
  20  23:54  Marauder  
  17  27:04  SCV  
Tags
 
Add a new tag
Caveats
  • Supply blocks, unpowered buildings, or Contaminate may cause inaccurate times.
  • Supply counts are checked every 10 seconds.